 Dungeon Crawl Stone Soup version 0.30-a0-1163-gf69bf04e7a (webtiles) character file.

Game seed: 3006049917158329409

112244 roninjake the Brawler (level 16, -4/165 (169) HPs)
             Began as a Troll Fighter on Apr 28, 2023.
             Was the Champion of Ru.
             Slain by a +4 trident (10 damage)
             ... on level 2 of the Elven Halls.
             The game lasted 00:58:29 (20449 turns).

roninjake the Brawler (Troll Fighter)              Turns: 20449, Time: 00:58:29

HP:   -4/165 (169)  AC: 19    Str: 28    XL:     16   Next: 11%
MP:   10/15         EV: 14    Int:  4    God:    Ru [******]
Gold: 1624          SH: 19    Dex: 15    Spells: 15/15 levels left

rFire   . .          .
                       - Unarmed
rCold   . . .        b - +3 kite shield
rNeg    + . .        y - +0 acid dragon scales
rPois   .            (helmet restricted)
rElec   .            s - +1 cloak
rCorr   +            (gloves unavailable)
SInv    .            (boots unavailable)
Will    .....        v - amulet of reflection Stlth
                     l - ring of Obsession {rN+ AC+4}
HPRegen 1.27/turn    U - +5 ring of evasion
MPRegen 0.14/turn

%: reflection
@: lethally poisoned (-4 -> -11), exhausted, lightly drained, unable to read,
unable to drink
A: large, unfitting armour, claws 3, regeneration 1, shaggy fur 1, tough skin 1,
inability to drink after injury 2, inability to read after injury 2, no stealth,
no conjurations magic, no hexes magic, no poison magic, weak-willed 1, disrupted
magic 1, iridescent scales 1, MP-powered wands
a: Renounce Religion, Draw Out Power, Power Leap, Apocalypse


You were on level 2 of the Elven Halls.
You worshipped Ru.
Ru was exalted by your worship.
You visited 4 branches of the dungeon, and saw 23 of its levels.
You also visited: Sewer.

You collected 2248 gold pieces.
You spent 624 gold pieces at shops.

Inventory:

Armour
 b - a +3 kite shield (worn)
 s - a +1 cloak (worn)
 y - +0 acid dragon scales (worn)
Jewellery
 c - an amulet of the acrobat
 l - the ring of Obsession (left claw) {rN+ AC+4}
   (You found it in a sewer)

   [ring of protection]

   AC:        It affects your AC (+4).
   rN:        It protects you from negative energy.
 v - an amulet of reflection (around neck)
 R - an amulet of regeneration
 U - a +5 ring of evasion (right claw)
 W - a ring of willpower
Wands
 r - a wand of charming (15)
 x - a wand of digging (3)
 E - a wand of flame (32)
 L - a wand of iceblast (13)
 P - a wand of polymorph (8)
 Y - a wand of quicksilver (10)
 Z - a wand of mindburst (5)
Scrolls
 a - a scroll of enchant armour
 j - 12 scrolls of teleportation
 m - 4 scrolls of fear
 p - 9 scrolls of poison
 q - a scroll of magic mapping
 u - 4 scrolls of fog
 A - 14 scrolls of identify
 D - 4 scrolls of blinking
 F - 2 scrolls of silence
 H - 2 scrolls of enchant weapon
 M - 2 scrolls of summoning
 Q - 3 scrolls of amnesia
Potions
 d - 4 potions of flight
 e - 4 potions of heal wounds
 f - a potion of magic
 g - 3 potions of mutation
 k - 9 potions of curing
 o - 2 potions of brilliance
 t - 4 potions of attraction
 z - 2 potions of berserk rage
 C - 2 potions of haste
 K - 2 potions of ambrosia
 O - 2 potions of resistance
 S - a potion of lignification
 T - a potion of cancellation


   Skills:
 + Level 13.1 Fighting
 - Level 11.4 Armour
 - Level 2.4 Dodging
 - Level 10.2 Shields
 * Level 20.8 Unarmed Combat


You had 15 spell levels left.
You didn't know any spells.
Your spell library contained the following spells:

 Spells                   Type           Power      Damage    Failure   Level
 Apportation              Tloc           0%         N/A       78%         1
 Freeze                   Ice            0%         1d3       78%         1
 Necrotise                Necr           0%         1d4       78%         1
 Summon Small Mammal      Summ           0%         N/A       78%         1
 Lesser Beckoning         Tloc           0%         N/A       89%         2
 Sublimation of Blood     Necr           0%         N/A       89%         2
 Call Canine Familiar     Summ           0%         N/A       98%         3
 Frozen Ramparts          Ice            0%         1d1       98%         3
 Gell's Gravitas          Tloc           0%         N/A       98%         3
 Teleport Other           Tloc           0%         N/A       98%         3
 Manifold Assault         Tloc           0%         N/A       100%        4
 Petrify                  Tmut/Erth      0%         N/A       100%        4
 Blade Hands              Tmut           0%         N/A       100%        5
 Dispersal                Tloc           0%         N/A       100%        6
 Disjunction              Tloc           0%         N/A       100%        8
 Hailstorm                Conj/Ice       Unusable   3d3       N/A         3
 Inner Flame              Hex/Fire       Unusable   N/A       N/A         3
 Portal Projectile        Hex/Tloc       Unusable   N/A       N/A         3
 Summon Guardian Golem    Hex/Summ       Unusable   N/A       N/A         3
 Tukima's Dance           Hex            Unusable   N/A       N/A         3
 Flame Wave               Conj/Fire      Unusable   2d4       N/A         4
 Sticky Flame             Conj/Fire      Unusable   2d3       N/A         4
 Irradiate                Conj/Tmut      Unusable   3d11      N/A         5

Dungeon Overview and Level Annotations

Branches:
Dungeon (14/15)            Temple (0/1) D:4            Lair (5/5) D:10
 Shoals (0/4) Lair:3       Spider (0/4) Lair:3        Slime (0/5) Lair:4
    Orc (2/2) D:9             Elf (1/3) Orc:2        Vaults (0/5) D:13
  Sewer (visited)

Altars:
Cheibriados
Kikubaaqudgha
Makhleb
Nemelex Xobeh
Okawaru
Ru
Sif Muna
Trog
Vehumet
Xom
Zin
The Shining One
Jiyva

Shops:
D:6 [?(   D:9 :   Orc:2 [*:(   Elf:1 (

Annotations:
Elf:1 4 transporters
Elf:2 3 runed translucent doors


Innate Abilities, Weirdness & Mutations

You are too large for most types of armour.
You have claws for hands.
Your natural rate of healing is unusually fast.
You are covered in fur. (AC +1)
You have tough skin. (AC +1)
You sometimes lose the ability to drink potions when taking damage.
You sometimes lose the ability to read scrolls when taking damage.
You cannot be stealthy.
You cannot study or cast Conjurations magic.
You cannot study or cast Hexes magic.
You cannot study or cast Poison magic.
You are slightly weak-willed. (Will-)
Your casting is slightly disrupted.
You are partially covered in iridescent scales. (AC +2)
You expend magic power (3 MP) to strengthen your wands.


Message History

* * * LOW HITPOINT WARNING * * *
You block the +4 trident's attack.
You redirect the deep elf pyromancer's attack!
The deep elf pyromancer hits itself with a +0 long sword!
You block the +2 trident of venom's attack.
You cannot drink potions in your current state!
You mangle the deep elf pyromancer!!
You kill the deep elf pyromancer!
You feel very sick. You block the +4 trident's attack.
You block the +2 trident of venom's attack.
You feel very sick. You block the +4 trident's attack.
You redirect the +4 trident's attack!
The +4 trident hits itself!
Things that are here:
a +0 long sword; an elf corpse You feel very sick.
You block the +4 trident's attack.
The +2 trident of venom hits you from afar.
* * * LOW HITPOINT WARNING * * *
You block the +4 trident's attack.
You feel very sick.
The +2 trident of venom hits you from afar.
* * * LOW HITPOINT WARNING * * *
The deep elf zephyrmancer mumbles some strange words.
The deep elf zephyrmancer blinks!
The +4 trident hits you from afar.
* * * LOW HITPOINT WARNING * * *
The +2 trident of venom hits you but does no damage.
You feel sick.
The deep elf zephyrmancer casts a spell at you.
The bolt of lightning misses you.
The bolt of lightning hits the +1 antimagic eveningstar.
The +1 antimagic eveningstar completely resists.
You block the +4 trident's attack.
You feel sick.
The +2 trident of venom hits you but does no damage.
You are lethally poisoned!
The +4 trident hits you from afar!
You die...

..........#..#.....#
.....)...#....#.)..#
#.......#.)....#...#
.#.....#)..)....#..#
..#...#))........#.#
...###.()..)......#
#.(((........#
..###............#
..#...#..@.......#.#
.#..)..#.e......#..#
#.......#......#...#
.........#....#....#
..........#..#.....#
...........##....
###...###### ####
#+++


You could see a deep elf zephyrmancer and 4 dancing weapons.

Vanquished Creatures
  A deep elf blademaster (Elf:2)
  3 orc warlords
  A dire elephant (Lair:5)
  A fire dragon (Lair:5)
  Josephine (Lair:3)
  The ghost of Darkkill the Fighter, a journeyman MiHu of Gozag (D:11)
  2 hydras
  2 catoblepae
  A boulder beetle (D:13)
  A death knight (D:14)
  2 ogre magi
  13 dancing weapons
  8 death yaks (Lair:5)
  A centaur warrior (D:13)
  4 two-headed ogres
  The ghost of 13Fox the Skirmisher, a novice DsHu of Fedhas (D:10)
  3 orc high priests (Orc:2)
  Urug (Lair:3)
  6 deep elf knights
  Nergalle (D:11)
  3 skysharks
  2 skeletal warriors (D:13)
  2 lindwurms (Lair:5)
  A deep elf archer (Elf:1)
  3 orc knights (Orc:2)
  Pikel (D:4)
  3 orc sorcerers (Orc:2)
  13 deep elf pyromancers
  18 deep elf zephyrmancers
  An oklob plant (Lair:3)
  14 ugly things (D:14)
  4 cyclopes
  14 elephants
  A manticore (D:10)
  A moth of wrath (D:13)
  7 black mambas
  A demonic crawler (D:13)
  Joseph (D:6)
  Maggie (D:6)
  5 torpor snails (Lair:5)
  2 gargoyles
  9 cane toads
  2 unseen horrors
  2 rime drakes (Lair:5)
  11 komodo dragons
  2 yaktaurs (D:13)
  3 kobold demonologists
  7 meliai
  A tengu conjurer (D:9)
  12 trolls
  9 hornets (Lair:5)
  4 tyrant leeches
  2 polar bears (Lair:5)
  13 blink frogs
  2 dream sheep (Lair:5)
  A snapping turtle (Lair:3)
  5 slime creatures (D:13)
  3 centaur simulacra
  3 wyverns
  9 wraiths
  47 yaks
  A steam dragon (D:7)
  4 basilisks
  4 vampire mosquitoes
  4 wargs (Orc:2)
  5 acid dragons
  Edmund (D:4)
  4 swamp worms (D:13)
  11 water moccasins
  39 orc warriors
  A sky beast (D:6)
  6 black bears
  4 ice beasts
  13 ogres
  6 wolves
  6 centaurs
  4 phantoms
  4 lemures (D:4)
  2 gnoll sergeants
  5 kobold brigands
  13 bullfrogs
  5 scorpions
  4 wights (D:8)
  7 killer bees
  4 electric eels
  7 howler monkeys
  2 jellies (D:7)
  A hound (D:5)
  15 orc priests
  3 sleepcaps
  Jessica (D:3)
  28 orc wizards
  Terence (D:2)
  4 iguanas
  A mummy (D:3)
  13 gnolls
  11 adders
  A shadow imp (D:7)
  5 white imps
  A howler monkey simulacrum (D:10)
  A worm (D:3)
  100 orcs
  9 endoplasms
  15 giant cockroaches
  8 goblins
  5 hobgoblins
  3 jackals (D:1)
  12 quokkas
  15 ball pythons
  2 bats
  6 frilled lizards
  15 kobolds
  8 rats
749 creatures vanquished.

Vanquished Creatures (others)
  A deep elf knight (Elf:1)
  A skeletal warrior (D:13)
  A lindwurm (Lair:5)
  A deep elf zephyrmancer (Elf:1)
  A blink frog (Lair:5)
  A yak (Lair:4)
  A water moccasin (Lair:5)
  A killer bee (Lair:3)
  An orc priest (Orc:1)
  A gnoll (D:10)
  A kobold (D:9)
  A bush (Lair:5)
  43 fungi
  49 plants
104 creatures vanquished.

Grand Total: 853 creatures vanquished

Notes
Turn   | Place    | Note
-------+----------+-------------------------------------------
     0 | D:1      | roninjake the Troll Fighter began the quest for the Orb.
     0 | D:1      | Reached XP level 1. HP: 22/22 MP: 0/0
   176 | D:1      | Reached XP level 2. HP: 24/29 MP: 1/1
   644 | D:2      | Reached XP level 3. HP: 36/36 MP: 2/2
  1039 | D:2      | Reached skill level 3 in Unarmed Combat
  1041 | D:2      | Noticed Terence
  1051 | D:2      | Killed Terence
  1052 | D:2      | Reached XP level 4. HP: 44/44 MP: 3/3
  1449 | D:3      | Noticed Jessica
  1462 | D:3      | Killed Jessica
  1475 | D:3      | Found an iron altar of Okawaru.
  1475 | D:3      | Found a glowing golden altar of the Shining One.
  1483 | D:3      | Found a burning altar of Makhleb.
  1486 | D:3      | Found a glowing silver altar of Zin.
  1488 | D:3      | Found a sacrificial altar of Ru.
  1506 | D:3      | Became a worshipper of Ru the Awakened
  1931 | D:3      | Found a glowing drain.
  1944 | D:3      | Reached XP level 5. HP: 53/53 MP: 4/4
  1946 | Sewer    | Entered a sewer
  1960 | Sewer    | Reached skill level 4 in Unarmed Combat
  2212 | Sewer    | Reached XP level 6. HP: 38/61 MP: 5/5
  2216 | Sewer    | Identified the ring of Obsession {rN+ AC+4}
  2673 | D:3      | Reached skill level 5 in Unarmed Combat
  2766 | D:3      | Found a snail-covered altar of Cheibriados.
  2776 | D:3      | Gained mutation: You are slightly weak-willed. (Will-) [Ru
                  | sacrifice]
  2776 | D:3      | Reached * piety under Ru
  3127 | D:4      | Noticed Pikel
  3142 | D:4      | Killed Pikel
  3143 | D:4      | Reached skill level 6 in Unarmed Combat
  3143 | D:4      | Reached XP level 7. HP: 33/71 MP: 6/6
  3181 | D:4      | Found a staircase to the Ecumenical Temple.
  3281 | D:4      | Noticed Edmund
  3303 | D:4      | Reached skill level 5 in Shields
  3315 | D:4      | Reached XP level 8. HP: 56/79 MP: 7/7
  3320 | D:4      | Killed Edmund
  3321 | D:4      | Reached skill level 7 in Unarmed Combat
  3613 | D:5      | Entered Level 5 of the Dungeon
  3940 | D:5      | Found a shimmering altar of Xom.
  4138 | D:5      | Gained mutation: You are partially covered in iridescent
                  | scales. (AC +2) [potion of mutation]
  4138 | D:5      | Gained mutation: You expend magic power (3 MP) to
                  | strengthen your wands. [potion of mutation]
  4250 | D:6      | Reached skill level 5 in Fighting
  4322 | D:6      | Reached skill level 8 in Unarmed Combat
  4437 | D:6      | Found Inwa Fosh's Magic Scroll Shop.
  4443 | D:6      | Found Zipron's Armour Shoppe.
  4445 | D:6      | Found Mixor's Weapon Shop.
  4468 | D:6      | Noticed Maggie
  4489 | D:6      | Killed Maggie
  4490 | D:6      | Reached XP level 9. HP: 60/88 MP: 8/8
  4928 | D:6      | Gained mutation: You cannot be stealthy. [Ru sacrifice]
  4928 | D:6      | Reached ** piety under Ru
  5079 | D:7      | Noticed Joseph
  5085 | D:6      | Killed Joseph
  5086 | D:6      | Reached skill level 9 in Unarmed Combat
  5459 | D:7      | Found a shimmering blue altar of Sif Muna.
  5472 | D:7      | Reached skill level 10 in Unarmed Combat
  6028 | D:8      | Found an ancient bone altar of Kikubaaqudgha.
  6168 | D:8      | Found a radiant altar of Vehumet.
  6291 | D:8      | Reached XP level 10. HP: 100/100 MP: 9/9
  6390 | D:8      | Found a bloodstained altar of Trog.
  6897 | D:9      | Reached skill level 11 in Unarmed Combat
  6983 | D:9      | Gained mutation: You cannot study or cast Poison magic. [Ru
                  | sacrifice]
  6983 | D:9      | Gained mutation: You cannot study or cast Hexes magic. [Ru
                  | sacrifice]
  6983 | D:9      | Gained mutation: You cannot study or cast Conjurations
                  | magic. [Ru sacrifice]
  6983 | D:9      | Reached *** piety under Ru
  7169 | D:9      | Found a staircase to the Orcish Mines.
  7598 | D:9      | You fall into a shaft and drop 2 floors!
  7669 | D:10     | Entered Level 10 of the Dungeon
  7717 | D:10     | Reached skill level 12 in Unarmed Combat
  7803 | D:10     | Noticed an ogre mage
  7803 | D:10     | Noticed 13Fox's ghost (novice DsHu)
  7809 | D:10     | Found a runed translucent gate.
  7809 | D:10     | Found a runed translucent gate.
  7811 | D:10     | Found a runed translucent gate.
  7874 | D:9      | Reached XP level 11. HP: 107/109 MP: 10/10
  8056 | D:9      | Found Tarph's Book Boutique.
  8502 | D:10     | Found a staircase to the Lair.
  8719 | D:10     | Killed 13Fox's ghost
  8726 | D:10     | Killed an ogre mage
  8727 | D:10     | Reached skill level 13 in Unarmed Combat
  8789 | D:11     | Found a runed translucent gate.
  8789 | D:11     | Found a runed translucent gate.
  8789 | D:11     | Found a runed translucent gate.
  8903 | D:11     | Noticed a two-headed ogre
  8911 | D:11     | Killed a two-headed ogre
  8919 | D:11     | Gained mutation: You occasionally lose the ability to drink
                  | potions when taking damage. [Ru sacrifice]
  8919 | D:11     | Gained mutation: You sometimes lose the ability to drink
                  | potions when taking damage. [Ru sacrifice]
  8919 | D:11     | Reached **** piety under Ru
  9039 | D:11     | Noticed Darkkill's ghost (journeyman MiHu)
  9233 | D:11     | Noticed Nergalle
  9245 | D:11     | Killed Nergalle
  9314 | D:11     | Noticed a two-headed ogre
  9325 | D:11     | Killed a two-headed ogre
  9574 | D:11     | Killed Darkkill's ghost
  9575 | D:11     | Reached skill level 14 in Unarmed Combat
  9575 | D:11     | Reached XP level 12. HP: 66/122 MP: 11/11
  9933 | D:12     | Noticed a two-headed ogre
  9941 | D:12     | Killed a two-headed ogre
 10487 | Lair:1   | Entered Level 1 of the Lair of Beasts
 10805 | Lair:1   | Reached skill level 10 in Shields
 11295 | Lair:1   | Gained mutation: Your casting is slightly disrupted. [Ru
                  | sacrifice]
 11295 | Lair:1   | Reached ***** piety under Ru
 11713 | D:6      | Bought a scroll of acquirement for 624 gold pieces
 11713 | D:6      | Acquired a manual of Armour
 11864 | Lair:2   | Reached skill level 15 in Unarmed Combat
 11900 | Lair:2   | Reached skill level 1 in Armour
 12478 | Lair:3   | Found a hole to the Spider Nest.
 12564 | Lair:3   | Found a staircase to the Shoals.
 12639 | Lair:3   | Noticed Josephine
 12657 | Lair:3   | Killed Josephine
 12866 | Lair:3   | Noticed Urug
 12880 | Lair:3   | Killed Urug
 12881 | Lair:3   | Reached XP level 13. HP: 99/133 MP: 12/12
 12934 | Lair:3   | You fall into a shaft and drop 2 floors!
 12934 | Lair:5   | Entered Level 5 of the Lair of Beasts
 12964 | Lair:5   | Gained mutation: You occasionally lose the ability to read
                  | scrolls when taking damage. [Ru sacrifice]
 12964 | Lair:5   | Gained mutation: You sometimes lose the ability to read
                  | scrolls when taking damage. [Ru sacrifice]
 12964 | Lair:5   | Reached ****** piety under Ru
 13120 | Lair:4   | Reached skill level 10 in Fighting
 13161 | Lair:4   | Reached skill level 16 in Unarmed Combat
 13223 | Lair:4   | Reached skill level 5 in Armour
 13461 | Lair:4   | Found a viscous altar of Jiyva.
 13461 | Lair:4   | Found a staircase to the Slime Pits.
 14312 | Lair:5   | Found a sparkling altar of Nemelex Xobeh.
 14347 | Lair:5   | Reached skill level 17 in Unarmed Combat
 14582 | Lair:5   | Reached XP level 14. HP: 122/144 MP: 13/13
 15155 | Lair:5   | Found a runed translucent door.
 15325 | Lair:5   | Reached skill level 18 in Unarmed Combat
 15690 | Orc:1    | Entered Level 1 of the Orcish Mines
 15931 | Orc:1    | Found a burning altar of Makhleb.
 15932 | Orc:1    | Noticed an orc warlord
 15932 | Orc:1    | Noticed an orc warlord
 15946 | Orc:1    | Killed an orc warlord
 15958 | Orc:1    | Killed an orc warlord
 16362 | Orc:2    | Entered Level 2 of the Orcish Mines
 16645 | Orc:2    | Found Suxem's Antique Armour Shoppe.
 16684 | Orc:2    | Found Momageeca's General Store.
 16763 | Orc:2    | Found a staircase to the Elven Halls.
 16914 | Orc:2    | Paralysed by an orc sorcerer for 4 turns
 16940 | Orc:2    | Reached skill level 10 in Armour
 17080 | Orc:2    | Found Rutwoy's Book Shop.
 17238 | Orc:2    | Noticed an orc warlord
 17254 | Orc:2    | Killed an orc warlord
 17297 | Orc:2    | Found Sicokul's Antique Weapon Boutique.
 17777 | D:13     | Reached XP level 15. HP: 121/136 MP: 14/14
 17890 | D:13     | Reached skill level 19 in Unarmed Combat
 18161 | D:13     | Identified the +8 quarterstaff of Dung {drain, rF++}
 18174 | D:13     | Found a gate to the Vaults.
 19684 | Elf:1    | Entered Level 1 of the Elven Halls
 19684 | Elf:1    | Found a transporter.
 19694 | Elf:1    | Found a transporter.
 19717 | Elf:1    | Found Onioj's Antique Weapon Boutique.
 19864 | Elf:1    | Found a transporter.
 19867 | Elf:1    | Found a transporter.
 19976 | Elf:1    | Reached skill level 20 in Unarmed Combat
 20413 | Elf:1    | You fall into a shaft and drop 1 floor!
 20413 | Elf:2    | Noticed a deep elf blademaster
 20417 | Elf:2    | Killed a deep elf blademaster
 20418 | Elf:2    | Reached XP level 16. HP: 146/156 MP: 6/15
 20447 | Elf:2    | HP: 8/165 [+2 trident of venom (3)]
 20448 | Elf:2    | Found a runed translucent gate.
 20448 | Elf:2    | Found a runed translucent gate.
 20448 | Elf:2    | Found a runed translucent gate.
 20449 | Elf:2    | Slain by a +4 trident

Illustrated notes

Levels and vault maps discovered:
D:1:      wander_arrival_desolate, layout_rooms, st_stairs_5
D:2:      layout_basic, interstate_on_off, uniq_terence
D:3:      layout_loops_ring, slow_altar_2, chequers_temple_overflow_minitemple,
          cheibrodos_sewer_entry_bend, chequers_serial_rivers_marsh,
          minmay_distorted, uniq_jessica
D:4:      layout_basic, minmay_temple_entry_junction_2, uniq_edmund, uniq_pikel
D:5:      layout_rooms, mainiacjoe_overflow_boulevard
D:6:      layout_basic, nicolae_wooded_promenade, uniq_maggie
D:7:      layout_loops_ring, mainiacjoe_overflow_tiny_flanked,
          minmay_diced_spiral, uniq_joseph
D:8:      layout_basic, general_overflow_altar, trog_ov_bears_minmay,
          kennysheep_mini_moat
D:9:      layout_loops_ring, david_orc_2, serial_shops,
          nicolae_shop_back_alley_shop, fountainhead
D:10:     layout_cave_pools, grunt_lair_entry_orc_guard_hut,
          gammafunk_ghost_split, grunt_decor_clamped,
          nicolae_concentric_dashed_squares_wild
D:11:     layout_basic, gammafunk_ghost_icy, dk_noncrumbling_4, uniq_nergalle
D:12:     layout_loops_ring
D:13:     layout_big_octagon, hangedman_vaults_entry_quadrant_bands,
          worms_lemuel
D:14:     layout_loops_ring, chequers_serial_rivers_small_b
Lair:1:   beast_lair_carwin_large_2, layout_concentric_octagons
Lair:2:   layout_chaotic_city
Lair:3:   layout_gridlike, minmay_shoals_entry_hut,
          hellmonk_spider_entry_not_the_bees, uniq_josephine, uniq_urug
Lair:4:   layout_cave_pods, dpeg_slime_entry_enclosed,
          nicolae_lair_grove_arrangements
Lair:5:   wormcave, layout_hall_layers, hangedman_lair_in_review, basic_altar,
          columned_hall_lemuel
Orc:1:    layout_diamond_mine, bloody_makhleb
Orc:2:    grunt_orc_gardens, layout_caves, grunt_orc_garden, grunt_orc_garden,
          grunt_orc_garden, grunt_orc_garden
Elf:1:    layout_gridlike, serial_shops, nicolae_shop_overgrown_old_shop,
          hangedman_elven_crosses_minicolossus, serial_nicolae_subway,
          nicolae_sub_station_stone, nicolae_sub_station_crystal,
          nicolae_sub_station_metal
Elf:2:    nicolae_elf_blades_splatter_lattice
          [nicolae_blade_entry_crossed_weapons], layout_loops_corners,
          serial_shops, shop, basic_altar, ebering_ghost_reflecting_pool,
          uniq_asterion

Skill      XL: |  1  2  3  4  5  6  7  8  9 10 11 12 13 14 15 16 |
---------------+-------------------------------------------------+-----
Shields        | 3 4 5 6 7 8 9 10 | 10.2
Unarmed Combat | 3 4 6 8 10 12 14 15 17 18 20 | 20.8
Fighting       | 3 4 5 6 7 8 9 10 11 12 13 | 13.1
Armour         | 4 7 10 11 | 11.4
Dodging        | |  2.4

Action                     |  1- 3 |  4- 6 |  7- 9 | 10-12 | 13-15 | 16-18 || total
---------------------------+-------+-------+-------+-------+-------+-------++-------
  Melee: Unarmed           |    71 |   220 |   320 |   631 |   925 |    16 ||  2183
 Invoke: Sacrifice Essence |       |     1 |       |     1 |       |       ||     2
         Sacrifice Stealth |       |       |     1 |       |       |       ||     1
         Sacrifice Arcana  |       |       |       |     1 |       |       ||     1
         Sacrifice Drink   |       |       |       |     1 |       |       ||     1
         Apocalypse        |       |       |       |       |    14 |       ||    14
         Sacrifice Words   |       |       |       |       |     1 |       ||     1
  Evoke: Wand              |       |       |       |       |    16 |       ||    16
    Use: Scroll            |     5 |     8 |     7 |     7 |     4 |       ||    31
         Potion            |     1 |       |     4 |     6 |     4 |       ||    15
   Stab: Sleeping          |     1 |     2 |       |       |       |       ||     3
         Distracted        |       |       |       |     3 |     1 |       ||     4
         Invisible         |       |       |       |     2 |     3 |       ||     5
         Petrified         |       |       |       |       |     4 |       ||     4
         Paralysed         |       |       |       |       |    10 |       ||    10
         Confused          |       |       |       |       |     1 |       ||     1
 Armour: Robe              |    40 |    67 |    31 |       |       |       ||   138
         Steam dragon scal |       |       |    38 |       |       |       ||    38
         Acid dragon scale |       |       |    23 |   191 |   220 |     8 ||   442
  Dodge: Dodged            |    34 |    65 |   100 |   147 |   269 |     6 ||   621
  Block: Kite shield       |    42 |    80 |   236 |   527 |   675 |    26 ||  1586
         Reflection        |       |       |     4 |    18 |    27 |     1 ||    50

Table legend: (Time is in decaauts)
 A = Elapsed time spent in this place.
 B = Non-inter-level travel time spent in this place.
 C = Inter-level travel time spent in this place.
 D = Time resting spent in this place.
 E = Time spent auto-exploring this place.
 F = Levels seen in this place.
 G = Mean time per level.
                   A        B        C        D        E       F      G
               +--------+--------+--------+--------+--------+-----+--------+
         Total |  20078 |  18868 |   1210 |   1561 |  11085 |  24 |  836.6 |
       Dungeon |  12024 |  11265 |    759 |    670 |   7141 |  14 |  858.9 |
          Lair |   4858 |   4544 |    314 |    348 |   2853 |   5 |  971.6 |
  Orcish Mines |   1825 |   1690 |    135 |    309 |    626 |   2 |  912.5 |
   Elven Halls |    739 |    739 |      0 |    134 |    242 |   2 |  369.5 |
         Sewer |    631 |    631 |      0 |    100 |    223 |   1 |  631.0 |
               +--------+--------+--------+--------+--------+-----+--------+

Top non-repeatable levels by time:
  Lair:5: 1497 daAuts
     D:8: 1179 daAuts
  Lair:1: 1137 daAuts
    D:11: 1109 daAuts
  Lair:4: 1083 daAuts
     D:9: 1079 daAuts
     D:6: 997 daAuts
    D:13: 986 daAuts
     D:3: 958 daAuts
   Orc:1: 929 daAuts
   Orc:2: 896 daAuts
    D:14: 895 daAuts
    D:10: 890 daAuts
     D:2: 795 daAuts
   Elf:1: 708 daAuts
